 Dungeon Crawl Stone Soup version 0.31.0-9-g3a7656b989 (webtiles) character file.

Game seed: 17345200443038434810

9 Colgate the Poker (level 2, 21/24 HPs)
             Began as a Demonspawn Cinder Acolyte on Feb 1, 2024.
             Was a High Priest of Ignis.
             Quit the game on level 1 of the Dungeon.
             The game lasted 00:00:09 (179 turns).

Colgate the Poker (Demonspawn Cinder Acolyte)        Turns: 179, Time: 00:00:09

Health: 21/24      AC:  2    Str: 14    XL:     2   Next: 3%
Magic:  3/3        EV: 11    Int: 14    God:    Ignis [*****.]
Gold:   8          SH:  0    Dex:  8    Spells: 3/3 levels left

rFire   + . .        a - -1 spear (flame)
rCold   . . .        (no shield)
rNeg    . . .        b - +0 robe
rPois   .            (helmet restricted)
rElec   .            (no cloak)
rCorr   .            (no gloves)
SInv    .            (no boots)
Will    .....        (no amulet)
Stlth   +            (no ring)
HPRegen 0.24/turn    (no ring)
MPRegen 0.08/turn

%: no passive effects
@: no status effects
A: antennae 1
a: Renounce Religion, Fiery Armour, Foxfire Swarm, Rising Flame


You were on level 1 of the Dungeon.
You worshipped Ignis.
Ignis was extremely pleased with you.
You visited 1 branch of the dungeon, and saw 1 of its levels.

You collected 8 gold pieces.

Inventory:

Hand Weapons
 a - a -1 spear of flaming (weapon)
Armour
 b - a +0 robe (worn)
 c - a +1 cloak
Scrolls
 d - a scroll of poison {unknown}
 e - a scroll of identify {unknown}


   Skills:
 - Level 3.0 Fighting
 + Level 3.2 Polearms
 - Level 1.0 Spellcasting
 - Level 2.6 Fire Magic


You had 3 spell levels left.
You didn't know any spells.
Your spell library contained the following spells:

 Spells                   Type           Power      Damage    Failure   Level
 Scorch                   Fire           16%        2d5       13%         2


Dungeon Overview and Level Annotations

Branches:
Dungeon (1/15)

Altars:


Innate Abilities, Weirdness & Mutations

You have a pair of small antennae on your head.


Message History

You hit the rat. You burn the rat.
You kill the rat!
Key pressed, stopping explore.
No target in view!
A bat comes into view.
A bat is nearby!
A bat is nearby!
You barely miss the bat. The bat misses you. The bat closely misses you.
A bat is nearby!
You reach to attack!
You hit the bat. You burn the bat. The bat hits you. x2
A bat is nearby!
You hit the bat but do no damage. The bat hits you but does no damage. x2
A bat is nearby!
You miss the bat. The bat misses you.
A bat is nearby!
You hit the bat. You burn the bat.
You kill the bat!
Key pressed, stopping explore.
No target in view!
Key pressed, stopping explore.
No target in view!
A bat and 4 jackals come into view.
Found 3 gold pieces.
The jackal barks! x4
You closely miss the jackal.
The jackal bites you but does no damage.
There are monsters nearby!
You hit the jackal but do no damage. The jackal closely misses you.
There are monsters nearby!
You hit the jackal. You burn the jackal.
You kill the jackal!
The jackal bites you.
There are monsters nearby!
You hit the jackal. You burn the jackal.
You kill the jackal!
The jackal closely misses you.
You have reached level 2!
Your demonic ancestry asserts itself...
A pair of antennae grows on your head!
Are you sure you want to abandon this character and quit the game? (Confirm with "yes".)

#..#.. ###..##. .
#....### ..
#.###.## ...
#..###.# ....
#...#### ....$####
#....... ....b.hh#
#...#### #@#
#..###.# #.#
#.###.## +.#
#....### #.#
###..##. #.#
#..#.. #.# #.....
#.# #.###. #.#
####.>...
#.########.#......


You could see 2 jackals and a bat.

Vanquished Creatures
  A ball python (D:1)
  A bat (D:1)
  A hobgoblin (D:1)
  2 jackals (D:1)
  A quokka (D:1)
  A rat (D:1)
7 creatures vanquished.

Notes
Turn   | Place    | Note
-------+----------+-------------------------------------------
     0 | D:1      | Colgate the Demonspawn Cinder Acolyte began the quest for
                  | the Orb.
     0 | D:1      | Reached XP level 1. HP: 18/18 MP: 2/2
   179 | D:1      | Gained mutation: You have a pair of small antennae on your
                  | head. [demonic ancestry]
   179 | D:1      | Reached XP level 2. HP: 21/24 MP: 3/3
   179 | D:1      | Quit the game

Illustrated notes

Levels and vault maps discovered:
D:1:      roderic_crossed_star, layout_basic, minmay_misc_feat_pillars,
          chequers_serial_rivers_room_b, nicolae_eternal_life, hex_large,
          minivault_25

Skill      XL: |  1 |
---------------+----+-----
Polearms       | 3 |  3.2
Fighting       | |  3.0
Spellcasting   | |  1.0
Fire Magic     | |  2.6

Action                     || total
---------------------------++-------
  Melee: Spear             ||    24
 Armour: Robe              ||    12
  Dodge: Dodged            ||     9
